 Dungeon Crawl Stone Soup version 0.31.0-11-ge490571c62 (webtiles) character file.

Game seed: 14062526308313796647

683 qw the Skirmisher (level 7, 0/40 HPs)
             Began as a Deep Elf Hunter on Feb 5, 2024.
             Was an Initiate of Okawaru.
             Succumbed to a scorpion's poison
             ... on level 5 of the Dungeon.
             The game lasted 00:01:12 (3010 turns).

qw the Skirmisher (Deep Elf Hunter)                 Turns: 3010, Time: 00:01:12

Health: 0/40       AC:  7    Str: 10    XL:     7   Next: 35%
Magic:  9/9        EV: 11    Int: 14    God:    Okawaru [......]
Gold:   237        SH:  0    Dex: 18    Spells: 6/6 levels left

rFire   . . .        a - +0 shortbow
rCold   + . .        (shield currently unavailable)
rNeg    . . .        i - +0 ring mail {rC+}
rPois   .            (no helmet)
rElec   .            (no cloak)
rCorr   .            (no gloves)
SInv    .            f - +1 pair of boots
Will    .....        (no amulet)
Stlth   +            (no ring)
HPRegen 0.26/turn    (no ring)
MPRegen 0.11/turn

%: no passive effects
@: lethally poisoned (0 -> -1)
A: no striking features
a: Renounce Religion


You were on level 5 of the Dungeon.
You worshipped Okawaru.
Okawaru was noncommittal.
You visited 2 branches of the dungeon, and saw 6 of its levels.

You collected 237 gold pieces.


   Skills:
 - Level 2.0 Fighting
 + Level 11.3 Ranged Weapons
 - Level 1.0 Armour
 - Level 3.0 Dodging
 - Level 1.2 Stealth


You had 6 spell levels left.
You didn't know any spells.
Your spell library was empty.

Inventory:

Hand Weapons
 a - a +0 shortbow (weapon)
Armour
 f - a +1 pair of boots (worn)
 i - a +0 ring mail of cold resistance (worn)
Scrolls
 h - a scroll of identify {unknown}
Potions
 b - a potion of heal wounds {unknown}
 c - a potion of magic {unknown}
 d - a potion of brilliance {unknown}
 e - a potion of might
 g - a potion of cancellation {unknown}
 j - a potion of degeneration {unknown}

Dungeon Overview and Level Annotations

Branches:
Dungeon (5/15)             Temple (1/1) D:4

Altars:
Ashenzari
Cheibriados
Dithmenos
Elyvilon
Fedhas
Gozag
Hepliaklqana
Makhleb
Nemelex Xobeh
Okawaru
Qazlal
Ru
Sif Muna
Uskayaw
Vehumet
Wu Jian
Xom
Yredelemnul
Zin
The Shining One

Shops:
D:3 :


Message History

You are poisoned.
The scorpion poisons you!
You shoot an arrow. The arrow hits the scorpion.
The scorpion is moderately wounded.
You feel sick. The scorpion barely misses you.
You shoot an arrow.
The arrow completely misses the scorpion.
You feel sick. The scorpion stings you.
You are more poisoned.
The scorpion poisons you! The scorpion stings you.
You are more poisoned.
The scorpion poisons you!
You shoot an arrow. The arrow hits the scorpion!
The scorpion is almost dead.
You feel very sick. The scorpion stings you.
You shoot an arrow. The arrow hits the scorpion.
You kill the scorpion!
Okawaru accepts your kill.
You feel very sick.
There is a lethal amount of poison in your body!
You feel very sick.
There is a lethal amount of poison in your body!
You feel very sick.
There is a lethal amount of poison in your body!
You feel very sick.
There is a lethal amount of poison in your body!
You feel sick.
There is a lethal amount of poison in your body!
You feel sick.
There is a lethal amount of poison in your body!
You feel sick.
There is a lethal amount of poison in your body!
You feel sick.
There is a lethal amount of poison in your body!
You feel sick.
There is a lethal amount of poison in your body!
You feel sick.
There is a lethal amount of poison in your body!
You die...

.... ....
#....#. #
#...... .#
#.....####+###..
#....#8..#...8#
#....#....#...#
#....#...#....#
#....##.#@#
#....'.#.#(#
#....#....#..
##...#...#....#
#...#8...#..8#
..
#....###+####..
..######........
..#
................
)#
+#......########


There were no monsters in sight!

Vanquished Creatures
  Sigmund (D:2)
  Menkaure (D:4)
  A scorpion (D:5)
  A bombardier beetle (D:5)
  2 hounds (D:4)
  Terence (D:2)
  2 iguanas
  Natasha (D:2)
  3 gnolls (D:2)
  6 adders
  2 dart slugs
  8 ball pythons
  5 endoplasms
  2 giant cockroaches
  7 goblins
  8 hobgoblins
  4 jackals
  A quokka (D:1)
  A ball python zombie (D:3)
  8 bats
  4 frilled lizards
  A giant cockroach zombie (D:3)
  2 kobolds
  A quokka zombie (D:3)
  9 rats
82 creatures vanquished.

Notes
Turn   | Place    | Note
-------+----------+-------------------------------------------
     0 | D:1      | qw the Deep Elf Hunter began the quest for the Orb.
     0 | D:1      | Reached XP level 1. HP: 12/12 MP: 3/3
     0 | D:1      | 0 ||| qw: Version: 0.3-a-160-g6735b56
     0 | D:1      | 0 ||| qw: Game counter: 6495
     0 | D:1      | 0 ||| qw: Melee chars always use a shield: true
     0 | D:1      | 0 ||| qw: God list: Okawaru
     0 | D:1      | 0 ||| qw: Allow faded altars: false
     0 | D:1      | 0 ||| qw: Do Orc after clearing Dungeon:15 true
     0 | D:1      | 0 ||| qw: Do second Lair branch before Depths: true
     0 | D:1      | 0 ||| qw: Lair rune preference: random
     0 | D:1      | 0 ||| qw: Goals: Normal
     0 | D:1      | 0 ||| PLANNING D:1-11
    49 | D:1      | Reached XP level 2. HP: 8/16 MP: 4/4
   143 | D:1      | Reached skill level 6 in Ranged Weapons
   544 | D:1      | 544 ||| UPGRADING to +0 pair of boots.
   549 | D:1      | 549 ||| UPGRADING to +0 ring mail.
   559 | D:1      | 559 ||| DROPPING +0 leather armour.
   560 | D:1      | 560 ||| READING scroll labelled NUMNEM ZAOCUIR.
   561 | D:1      | 561 ||| READING scroll labelled UREHIRAQYT.
   562 | D:1      | 562 ||| READING scroll labelled GOHAN QOXTIN.
   663 | D:1      | 663 ||| DROPPING scroll of butterflies.
   704 | D:2      | Noticed Sigmund
   708 | D:2      | HP: 4/16 [Sigmund/+0 scythe (5)]
   711 | D:2      | Reached XP level 3. HP: 3/20 MP: 5/5
   713 | D:2      | HP: 3/20 [Sigmund/+0 scythe (1)]
   718 | D:2      | Killed Sigmund
   719 | D:2      | Reached skill level 8 in Ranged Weapons
   719 | D:2      | Reached XP level 4. HP: 5/25 MP: 6/6
   719 | D:2      | Reached XP level 5. HP: 6/29 MP: 7/7
   886 | D:2      | Reached skill level 9 in Ranged Weapons
   899 | D:2      | HP: 4/30 [gnoll/+0 spear (6)]
  1006 | D:2      | Found a basalt altar of Yredelemnul.
  1159 | D:2      | Noticed Natasha
  1164 | D:2      | Killed Natasha
  1165 | D:2      | Reached XP level 6. HP: 32/35 MP: 8/8
  1249 | D:2      | Noticed Terence
  1258 | D:2      | Killed Terence
  1794 | D:2      | 1794 ||| READING scroll labelled PIYSTEL XOUFEH.
  1904 | D:3      | Found an opulent altar of Gozag.
  2049 | D:3      | Found Ostra's Book Emporium.
  2084 | D:3      | Found a basalt altar of Yredelemnul.
  2211 | D:3      | 2211 ||| READING scroll labelled WIHYTAERIA.
  2215 | D:3      | 2215 ||| READING scroll labelled NONETTE MADDYFF.
  2215 | D:3      | 2215 ||| ENCHANTING +0 pair of boots.
  2216 | D:3      | 2216 ||| DRINKING 2 ruby potions.
  2241 | D:4      | Noticed Menkaure
  2250 | D:4      | Killed Menkaure
  2251 | D:4      | Reached skill level 10 in Ranged Weapons
  2302 | D:4      | 2302 ||| FLEEEEING.
  2305 | D:4      | 2305 ||| FLEEEEING.
  2307 | D:4      | 2307 ||| FLEEEEING.
  2308 | D:4      | 2308 ||| FLEEEEING.
  2309 | D:4      | 2309 ||| FLEEEEING.
  2310 | D:4      | 2310 ||| FLEEEEING.
  2311 | D:4      | 2311 ||| STAIRDANCE
  2377 | D:4      | Reached skill level 3 in Dodging
  2411 | D:4      | Reached XP level 7. HP: 38/40 MP: 9/9
  2508 | D:4      | Reached skill level 1 in Armour
  2686 | D:4      | Found a staircase to the Ecumenical Temple.
  2687 | D:4      | 2687 ||| PLANNING TEMPLE
  2687 | D:4      | 2687 ||| UPGRADING to +0 ring mail of cold resistance.
  2697 | D:4      | 2697 ||| DROPPING +0 ring mail.
  2698 | D:4      | 2698 ||| READING scroll labelled DOELUU HO BIRCH.
  2707 | Temple   | Entered the Ecumenical Temple
  2708 | Temple   | 2708 ||| PLANNING OKAWARU WORSHIP
  2715 | Temple   | Became a worshipper of Warmaster Okawaru
  2716 | Temple   | 2716 ||| PLANNING D:1-11
  2825 | D:5      | Entered Level 5 of the Dungeon
  2862 | D:5      | HP: 8/40 [iguana (12)]
  2865 | D:5      | Reached skill level 11 in Ranged Weapons
  3002 | D:5      | HP: 10/40 [poisoned by a scorpion]
  3005 | D:5      | HP: 4/40 [poisoned by a scorpion]
  3009 | D:5      | HP: 1/40 [poisoned by a scorpion]
  3010 | D:5      | Succumbed to a scorpion's poison

Levels and vault maps discovered:
D:1:      scummos_arrival_hexagon, layout_basic
D:2:      layout_basic, basic_altar, uniq_sigmund, uniq_terence, uniq_natasha
D:3:      layout_basic, grunt_gozag_breadcrumbs,
          nicolae_yredelemnul_corpse_copse, serial_shops,
          nicolae_shop_rolling_square
D:4:      layout_rooms, temple_hall, uniq_menkaure
D:5:      layout_gridville, gammafunk_ghost_smash, minmay_misc_feat_diagonals,
          minivault_1
Temple:   nicolae_temple_no_exploring_needed

Skill      XL: |  1  2  3  4  5  6  7 |
---------------+----------------------+-----
Ranged Weapons | 6 8 9 10 11 | 11.3
Fighting       | 2 |  2.0
Dodging        | 3 |  3.0
Armour         | 1 |  1.0
Stealth        | |  1.2

Action                     |  1- 3 |  4- 6 |  7- 9 || total
---------------------------+-------+-------+-------++-------
   Fire: Shortbow          |    72 |   158 |    47 ||   277
    Use: Scroll            |     3 |     3 |     1 ||     7
         Potion            |       |     1 |       ||     1
 Armour: Leather armour    |     9 |       |       ||     9
         Ring mail         |     8 |    38 |    14 ||    60
  Dodge: Dodged            |    16 |    45 |     9 ||    70

Table legend:
 A = Non-vault XP
 B = Vault XP
 C = Vault XP percentage of total XP
 D = Non-vault monster count
 E = Vault monster count
 F = Vault count percentage of total count
                 A         B        C        D         E       F
            +---------+---------+-------+---------+---------+-------
      Total |     508 |     469 |  48.0 |      75 |       7 |   8.5
            +---------+---------+-------+---------+---------+-------
        D:1 |      40 |       0 |   0.0 |      26 |       0 |   0.0
        D:2 |     110 |     294 |  72.8 |      22 |       3 |  12.0
        D:3 |      44 |       3 |   6.4 |      14 |       3 |  17.6
        D:4 |     147 |     172 |  53.9 |      10 |       1 |   9.1
        D:5 |     167 |       0 |   0.0 |       3 |       0 |   0.0
            +---------+---------+-------+---------+---------+-------
